 Dungeon Crawl Stone Soup version 0.29-a0-553-g81b289dbe5 (webtiles) character file.

Game seed: 3974656297655369742

39216 Essalna the Fighter (level 13, 0/140 HPs)
             Began as a Purple Draconian Transmuter on June 6, 2022.
             Was the Champion of Elyvilon.
             Slain by a meliai
             ... wielding a +0 hand axe
              (7 damage)
             ... on level 4 of the Lair of Beasts.
             The game lasted 00:41:57 (21972 turns).

Essalna the Fighter (Purple Draconian Transmuter)  Turns: 21972, Time: 00:41:58

Health: 0/140      AC: 13    Str: 12    XL:     13   Next: 68%
Magic:  0/14       EV: 14    Int: 18    God:    Elyvilon [******]
Gold:   1381       SH:  0    Dex: 13    Spells: 6/16 levels left

rFire   x . .      SeeInvis .     - Unarmed
rCold   + + +      Faith    .   (shield currently unavailable)
rNeg    . . .      Spirit   +   (body armour unavailable)
rPois   +          Reflect  .   (helmet currently unavailable)
rElec   .          Harm     .   (cloak currently unavailable)
rCorr   .          Rampage  .   (gloves currently unavailable)
Will    .....                   (boots currently unavailable)
Stlth   +.........              y - amulet of guardian spirit
HPRegen 0.33/turn               g - +4 ring of slaying
MPRegen 0.14/turn               q - +4 ring of protection

@: ice-form, weak-willed, marked, slowed, very slow
A: freezing attack, amphibious, boosted hp, (breathe power), AC +8, large,
unfitting armour, (cold-blooded), (stinger 2), low MP 1
a: End Transformation, Renounce Religion, Purification, Heal Other, Heal Self,
Divine Vigour


You were on level 4 of the Lair of Beasts.
You worshipped Elyvilon.
Elyvilon was exalted by your worship.
You were a creature of crystalline ice.
You visited 4 branches of the dungeon, and saw 18 of its levels.
You also visited: Ice Cave and Volcano.

You collected 1381 gold pieces.

Inventory:

Missiles
 D - 4 throwing nets
Armour
 e - the +2 pair of gloves of Pandemonium (melded) {Slay+3}
   (You found it in an ice cave)

   Slay:      It affects your accuracy & damage with ranged weapons and melee
   (+3).
 o - an orb of light
 r - a +0 pair of gloves
 A - a +1 pair of boots
 G - a +0 hat (melded)
 O - the +0 pair of gloves of Experimentation {Str+3}
   (You found it in a volcano)

   Str:       It affects your strength (+3).
Jewellery
 g - a +4 ring of slaying (left front paw)
 q - a +4 ring of protection (right front paw)
 v - an amulet of reflection
 y - an amulet of guardian spirit (around neck)
 I - an amulet of magic regeneration
 P - a +4 ring of evasion
 T - a +4 ring of protection
Wands
 l - a wand of flame (34)
 x - a wand of acid (26)
 B - a wand of charming (10)
 F - a wand of iceblast (12)
 H - a wand of polymorph (5)
 J - a wand of digging (7)
 L - a wand of paralysis (6)
Scrolls
 d - 3 scrolls of vulnerability
 f - 4 scrolls of magic mapping
 h - 2 scrolls of enchant armour
 i - 2 scrolls of noise
 j - 18 scrolls of identify
 m - 3 scrolls of silence {unknown}
 n - 9 scrolls of teleportation {unknown}
 p - 4 scrolls of blinking {unknown}
 s - a scroll of poison {unknown}
 z - 7 scrolls of enchant weapon {unknown}
 K - a scroll of amnesia
 S - a scroll of fear
Potions
 a - 4 potions of lignification
 c - 4 potions of mutation
 k - 3 potions of curing
 t - 5 potions of degeneration
 u - 2 potions of brilliance
 w - 7 potions of attraction
 C - 3 potions of invisibility
 E - 5 potions of heal wounds
 M - a potion of haste
 N - a potion of cancellation {unknown}
 Q - 3 potions of might {unknown}
 R - a potion of magic {unknown}


   Skills:
 + Level 11.9 Fighting
 + Level 10.2 Dodging
 + Level 11.4 Unarmed Combat
 - Level 2.4 Spellcasting
 + Level 11.1 Transmutations
 + Level 10.6 Ice Magic


You had 6 spell levels left.
You knew the following spells:

 Your Spells              Type           Power      Damage    Failure   Level
a - Beastly Appendage     Tmut           84%        N/A       1%          1
b - Ice Form              Ice/Tmut       41%        N/A       1%          4
c - Blade Hands           Tmut           21%        N/A       4%          5

Your spell library contained the following spells:

 Spells                   Type           Power      Damage    Failure   Level
 Wereblood                Tmut           42%        N/A       1%          2
 Passwall                 Tmut/Erth      18%        N/A       2%          2
 Ensorcelled Hibernation  Hex/Ice        42%        N/A       3%          2
 Spider Form              Tmut/Pois      22%        N/A       5%          3
 Ignite Poison            Fire/Tmut/Pois 15%        N/A       12%         3
 Apportation              Tloc           4%         N/A       17%         1
 Necrotize                Necr           8%         1d4       17%         1
 Sandblast                Erth           4%         2d4       17%         1
 Hailstorm                Conj/Ice       21%        3d6       19%         4
 Scorch                   Fire           4%         2d5       26%         2
 Alistair's Intoxication  Tmut/Pois      14%        N/A       43%         5
 Gell's Gravitas          Tloc           2%         N/A       45%         3
 Lesser Beckoning         Tloc           2%         N/A       45%         3
 Mephitic Cloud           Conj/Pois/Air  2%         N/A       45%         3
 Stone Arrow              Conj/Erth      4%         3d7       45%         3
 Teleport Other           Tloc           2%         N/A       45%         3
 Freezing Cloud           Conj/Ice/Air   7%         6-21      75%         5
 Flame Wave               Conj/Fire      2%         2d4       86%         4
 Simulacrum               Ice/Necr       10%        N/A       96%         6
 Iron Shot                Conj/Erth      1%         9d1       100%        6
 Summon Cactus Giant      Summ           1%         N/A       100%        6
 Ozocubu's Refrigeration  Ice            20%        4d9       88%         7
 Infestation              Necr           1%         N/A       100%        8
 Polar Vortex             Ice            20%        N/A       100%        9
 Animate Armour           Summ/Erth      Unusable   N/A       N/A         4

Dungeon Overview and Level Annotations

Branches:
Dungeon (12/15)            Temple (1/1) D:7            Lair (4/6) D:11
  Swamp (0/4) Lair:2       Spider (0/4) Lair:3          Orc (1/2) D:9
  IceCv (visited)         Volcano (visited)

Altars:
Elyvilon
Nemelex Xobeh
Okawaru
Qazlal
Ru
Sif Muna
Zin

Shops:
D:10 *[

Annotations:
Lair:3 exclusion: oklob plant


Innate Abilities, Weirdness & Mutations

You are a creature of crystalline ice.
You have a powerful freezing melee attack.
You are amphibious.
Your maximum health is increased.
Your armour is entirely melded.
You are incapable of wielding weapons or throwing items.
((You can breathe bolts of dispelling energy.))
((Your rich purple scales are hard. (AC +8)))
You cannot fit into any form of body armour.
((You are cold-blooded and may be slowed by cold attacks.))
((Your tail ends in a sharp venomous barb.))
Your magical capacity is low. (-10% MP)


Message History

The killer bee misses you. The killer bee closely misses you. x2
The killer bee completely misses you.
The killer bee stings you but does no damage. x2
The meliai barely misses you. The meliai stings you.
* * * LOW HITPOINT WARNING * * *
The killer bee closely misses you. The meliai barely misses you.
The meliai stings you but does no damage.
The killer bee misses you.
A killer bee comes into view.
The dream sheep bites you.
* * * LOW HITPOINT WARNING * * *
The killer bee closely misses you. The killer bee barely misses you. x2
The killer bee completely misses you. The meliai hits you but does no damage.
The meliai stings you.
* * * LOW HITPOINT WARNING * * *
The meliai hits you with a +0 hand axe.
* * * LOW HITPOINT WARNING * * *
The meliai stings you but does no damage.
The dream sheep shake their wool and sparkle.
You feel drowsy...
You fall asleep.
The dream sheep bites you!
You wake up.
* * * LOW HITPOINT WARNING * * *
The killer bee moves out of view.
A queen bee comes into view.
You feel better. The killer bee stings you.
* * * LOW HITPOINT WARNING * * *
The killer bee closely misses you. The meliai barely misses you.
The meliai stings you but does no damage.
The meliai hits you with a +0 hand axe.
* * * LOW HITPOINT WARNING * * *
The meliai barely misses you. The killer bee closely misses you.
The killer bee stings you but does no damage.
The killer bee barely misses you.
The killer bee stings you but does no damage.
The killer bee stings you.
* * * LOW HITPOINT WARNING * * *
The meliai hits you with a +0 hand axe! Elyvilon protects you from harm!
The meliai stings you!
You die...

##
#.#........P#
.#
###....>...##
..#
##...w...P#
...#
#........##
....#
##.......#
##...#
#........##
....#
##...y...P#
##...
#..yYYY###
#..yYy..#
#...yyy..#
#..y.....#
#.P.y......P#
#..........##
#.........##
#..........
y...#......#


You could see a torpor snail, a queen bee, 2 meliai, 3 dream sheep and 7 killer
bees.

Vanquished Creatures
  Gastronok (D:10)
  A frost giant (IceCv)
  Harold (D:9)
  3 hydras
  2 two-headed ogres
  3 death yaks (IceCv)
  Lodul (D:10)
  A lindwurm (Lair:2)
  Pikel (D:7)
  An orc sorcerer (Volcano)
  3 ugly things (Volcano)
  Maurice (D:8)
  An ice statue (IceCv)
  6 elephants (Lair:2)
  2 black mambas
  A smoke demon (Volcano)
  3 cane toads
  A molten gargoyle (Lair:2)
  A rime drake (Lair:3)
  Psyche (D:8)
  3 komodo dragons
  A red devil (Volcano)
  3 trolls
  13 polar bears
  A slime creature (D:12)
  A hornet (D:9)
  Prince Ribbit (D:8)
  3 blink frogs (Lair:4)
  6 dream sheep (Lair:4)
  Sigmund (D:3)
  5 wyverns
  2 vampires
  A water elemental (D:12)
  33 yaks
  The ghost of Sat the Tormented, an amateur OgNe of Kikubaaqudgha (D:4)
  A basilisk (Lair:1)
  Grum (Lair:1)
  A steam dragon (D:9)
  2 vampire mosquitoes (D:10)
  An acid dragon (D:9)
  2 wargs
  A hell hound (Volcano)
  9 water moccasins
  12 orc warriors
  2 black bears
  3 ice beasts
  A sky beast (D:6)
  17 wolves
  15 centaurs
  10 ogres
  3 lemures (D:7)
  A phantom (D:4)
  2 kobold brigands
  6 bullfrogs
  2 gnoll sergeants
  4 scorpions
  12 wights
  10 killer bees
  5 electric eels
  3 howler monkeys (D:7)
  3 hounds
  2 gnoll shamans
  11 orc priests
  4 jellies
  3 iguanas (D:5)
  Terence (D:3)
  Jessica (D:2)
  17 orc wizards
  19 gnolls
  7 adders
  4 shadow imps
  5 white imps
  2 ufetubi
  3 worms
  3 dart slugs
  62 orcs
  8 bats
  7 endoplasms
  2 giant cockroaches
  5 hobgoblins
  4 jackals (D:3)
  16 kobolds
  5 quokkas
  5 ball pythons
  5 frilled lizards
  8 goblins
  5 rats
453 creatures vanquished.

Vanquished Creatures (others)
  2 plants
  2 withered plants (D:4)
4 creatures vanquished.

Grand Total: 457 creatures vanquished

Notes
Turn   | Place    | Note
-------+----------+-------------------------------------------
     0 | D:1      | Essalna the Draconian Transmuter began the quest for the
                  | Orb.
     0 | D:1      | Reached XP level 1. HP: 16/16 MP: 3/3
   353 | D:1      | Reached XP level 2. HP: 23/23 MP: 1/5
   614 | D:1      | Found a faded altar of an unknown god.
  1102 | D:2      | Found a sparkling altar of Nemelex Xobeh.
  1376 | D:2      | Reached XP level 3. HP: 28/29 MP: 6/6
  1652 | D:2      | Noticed Jessica
  1657 | D:2      | Killed Jessica
  1658 | D:2      | Reached XP level 4. HP: 37/37 MP: 5/7
  2009 | D:3      | Learned a level 4 spell: Ice Form
  2162 | D:3      | Noticed Terence
  2173 | D:3      | Killed Terence
  2174 | D:3      | Reached XP level 5. HP: 19/42 MP: 6/8
  2467 | D:3      | Noticed Sigmund
  2665 | D:3      | Killed Sigmund
  2666 | D:3      | Reached skill level 1 in Ice Magic
  2666 | D:3      | Reached XP level 6. HP: 51/51 MP: 7/9
  2931 | D:4      | Found a runed translucent door.
  2931 | D:4      | Noticed Sat's ghost (amateur OgNe)
  3246 | D:4      | Identified the +1 hunting sling of the Desolation of Salt
                  | {vorpal, rF- Will++}
  3479 | D:4      | Your scales start taking on a rich purple colour.
  3479 | D:4      | Reached XP level 7. HP: 58/58 MP: 8/10
  3620 | D:4      | You fall into a shaft and drop 3 floors!
  3645 | D:7      | Gained mutation: You are clumsy. (Dex -2) [potion of
                  | mutation]
  3645 | D:7      | Gained mutation: You are covered in fur. (AC +1) [potion of
                  | mutation]
  3738 | D:7      | Lost mutation: You are covered in fur. (AC +1) [potion of
                  | mutation]
  3738 | D:7      | Lost mutation: You are clumsy. (Dex -2) [potion of
                  | mutation]
  3738 | D:7      | Gained mutation: Your tail ends in a venomous barb. [potion
                  | of mutation]
  3738 | D:7      | Gained mutation: Your magical capacity is low. (-10% MP)
                  | [potion of mutation]
  3738 | D:7      | Gained mutation: Your tail ends in a sharp venomous barb.
                  | [potion of mutation]
  3952 | D:5      | Entered Level 5 of the Dungeon
  4087 | D:5      | Reached skill level 5 in Unarmed Combat
  4128 | D:5      | Reached XP level 8. HP: 49/67 MP: 7/10
  4549 | D:4      | Killed Sat's ghost
  4550 | D:4      | Reached skill level 5 in Fighting
  4924 | D:5      | Reached skill level 5 in Transmutations
  5786 | D:6      | Reached skill level 5 in Dodging
  5978 | D:6      | Identified the +0 scale mail "Sogoqeotz" {Harm Str+7 Dex-5
                  | SInv}
  6442 | D:6      | Found a stormy altar of Qazlal.
  6448 | D:6      | Reached XP level 9. HP: 54/75 MP: 11/11
  6915 | D:7      | Found a staircase to the Ecumenical Temple.
  6924 | Temple   | Entered the Ecumenical Temple
  6944 | Temple   | Became a worshipper of Elyvilon the Healer
  7450 | D:7      | Reached * piety under Elyvilon
  7461 | D:7      | Noticed Pikel
  7491 | D:7      | Killed Pikel
  7492 | D:7      | Reached skill level 5 in Ice Magic
  8060 | D:8      | Reached ** piety under Elyvilon
  8137 | D:8      | Noticed Psyche
  8144 | D:8      | Killed Psyche
  8359 | D:8      | Noticed Maurice
  8371 | D:8      | Killed Maurice
  8372 | D:8      | Reached XP level 10. HP: 86/86 MP: 7/12
  8436 | D:8      | Noticed Prince Ribbit
  8441 | D:8      | Killed Prince Ribbit
  9067 | D:9      | Noticed Harold
  9077 | D:9      | Killed Harold
  9220 | D:9      | Reached *** piety under Elyvilon
  9298 | D:9      | Noticed a two-headed ogre
  9308 | D:9      | Killed a two-headed ogre
  9759 | D:9      | Found a staircase to the Orcish Mines.
  9918 | D:10     | Entered Level 10 of the Dungeon
 10242 | D:10     | Noticed Lodul
 10449 | D:10     | Reached XP level 11. HP: 64/94 MP: 6/13
 10652 | Orc:1    | Entered Level 1 of the Orcish Mines
 11457 | D:10     | Killed Lodul
 11957 | D:10     | Found Yrghoc's Lightly-Used Armoury.
 11993 | D:10     | Reached **** piety under Elyvilon
 12035 | D:10     | Found Cocenywab's Armour Boutique.
 12409 | D:10     | Noticed Gastronok
 12424 | D:10     | Killed Gastronok
 13065 | D:11     | Found a frozen archway.
 13074 | IceCv    | Entered an ice cave
 13169 | IceCv    | Noticed a death yak
 13173 | IceCv    | Noticed a death yak
 13183 | IceCv    | Killed a death yak
 13188 | IceCv    | Killed a death yak
 13643 | IceCv    | Reached XP level 12. HP: 106/106 MP: 8/14
 13791 | IceCv    | Identified the +2 pair of gloves of Pandemonium {Slay+3}
 13862 | IceCv    | Noticed a death yak
 13862 | IceCv    | Noticed a frost giant
 13875 | IceCv    | Killed a death yak
 13884 | IceCv    | Killed a frost giant
 13885 | IceCv    | Reached skill level 10 in Fighting
 14194 | IceCv    | Got the Grimoire of the Frostbite and Calling
 14637 | IceCv    | Reached skill level 10 in Unarmed Combat
 15302 | D:12     | Found a white marble altar of Elyvilon.
 15768 | D:12     | Noticed a two-headed ogre
 15796 | D:12     | Killed a two-headed ogre
 15800 | D:12     | Reached skill level 10 in Transmutations
 16048 | D:11     | Found a staircase to the Lair.
 16057 | Lair:1   | Entered Level 1 of the Lair of Beasts
 16306 | Lair:1   | Reached ***** piety under Elyvilon
 16488 | Lair:1   | Noticed Grum
 16501 | Lair:1   | Killed Grum
 17060 | Lair:1   | Noticed an eight-headed hydra
 17069 | Lair:1   | Killed an eight-headed hydra
 17070 | Lair:1   | Reached XP level 13. HP: 116/116 MP: 10/14
 17479 | Lair:2   | Found a dark tunnel.
 17490 | Volcano  | Entered a volcano
 17497 | Volcano  | Learned a level 5 spell: Blade Hands
 18193 | Volcano  | Reached skill level 10 in Ice Magic
 18203 | Volcano  | Identified the +0 pair of gloves of Experimentation {Str+3}
 19099 | Lair:2   | Found a staircase to the Swamp.
 19584 | Lair:2   | Found a shimmering blue altar of Sif Muna.
 20002 | Lair:3   | Reached skill level 10 in Dodging
 20110 | Lair:3   | You fall into a shaft and drop 1 floor!
 20695 | Lair:3   | Reached ****** piety under Elyvilon
 20696 | Lair:3   | Found a hole to the Spider Nest.
 20828 | Lair:3   | Got the Almanac of the Ghastly Frostbite
 20845 | Lair:3   | Found the +1 robe of Vines {NoPotionHeal Regen++++}
 21971 | Lair:4   | HP: 5/140 [dream sheep[a torpor snail] (14)]
 21972 | Lair:4   | Elyvilon protects you from harm!
 21972 | Lair:4   | Slain by a meliai

Illustrated notes

Levels and vault maps discovered:
D:1:      dpeg_arrival_signposts, layout_basic,
          hellmonk_ecumenical_altar_inner_sanctum, minmay_misc_feat_plants
D:2:      layout_rooms, basic_altar, uniq_jessica
D:3:      minmay_wonky_spiral, layout_rooms, kennysheep_generic_room_4,
          uniq_terence, uniq_sigmund
D:4:      layout_loops_ring, gammafunk_ghost_grave
D:5:      layout_loops_ring
D:6:      layout_rooms, mainiacjoe_overflow_brackets
D:7:      layout_gridville, minmay_temple_entry_proselytizer, uniq_pikel
D:8:      layout_basic, chequers_serial_rivers_micro_a, uniq_psyche,
          uniq_maurice, uniq_prince_ribbit1
D:9:      layout_rooms, david_orc_4, nzn_life_drinkers, uniq_harold
D:10:     layout_stronghold, serial_shops, shop, minmay_shop_damaged,
          centaur_isle, uniq_gastronok, uniq_lodul
D:11:     nzn_winding_woodlands_large [nzn_winding_woodlands_5x5_checkerboard,
          nzn_winding_woodlands_5x15_sawtooth,
          nzn_winding_woodlands_5x5_closed_star,
          nzn_winding_woodlands_center_lodge,
          nzn_winding_woodlands_15x15_killbox,
          nzn_winding_woodlands_center_garden,
          nzn_winding_woodlands_5x5_default,
          nzn_winding_woodlands_5x15_lazy_stream,
          nzn_winding_woodlands_5x5_open_star], layout_loops_corners,
          erik_lair_orcish_takeover, serial_ice, serial_ice_e, serial_ice_b,
          serial_ice_g, serial_ice_f, portal_ice_cave_entry_pillars_2,
          corexii_corridor_pit
D:12:     layout_basic, palyth_stone_intersect, elyvilon_altar_1
Temple:   mainiacjoe_temple_circle_huts
Lair:1:   layout_loops_ring, uniq_grum
Lair:2:   layout_gridlike, swamp_mist, basic_altar,
          nicolae_volcano_entry_vermiform, cheibrodos_lair_caveside_slide
Lair:3:   layout_gridlike, spider_nest_entry_web_field,
          chequers_serial_rivers_room_b, hangedman_lair_unloving_vines,
          hellmonk_guarded_unrand_vines
Lair:4:   layout_hall_layers, special_room [special_room_bee],
          infiniplex_staircase_pool
Orc:1:    layout_caves

Skill      XL: |  1  2  3  4  5  6  7  8  9 10 11 12 13 |
---------------+----------------------------------------+-----
Dodging        | 2 3 4 5 6 7 8 9 10 | 10.2
Fighting       | 2 3 4 5 7 8 9 11 | 11.9
Transmutations | 3 4 5 6 7 9 10 11 | 11.1
Unarmed Combat | 4 5 6 7 8 9 10 11 | 11.4
Ice Magic      | 1 2 3 4 6 7 8 9 10 | 10.6
Spellcasting   | |  2.4

Action                   |  1- 3 |  4- 6 |  7- 9 | 10-12 | 13-15 || total
-------------------------+-------+-------+-------+-------+-------++-------
Melee: Unarmed           |    66 |    89 |   294 |   606 |   176 ||  1231
       Tailslap          |     9 |     8 |    28 |       |     5 ||    50
       Headbutt          |     5 |    12 |    49 |     3 |     1 ||    70
       Kick              |    15 |    23 |    98 |     7 |     2 ||   145
       Punch             |     1 |     3 |     7 |     1 |     4 ||    16
 Cast: Beastly Appendage |    24 |    32 |    55 |     2 |     1 ||   114
       Ice Form          |       |       |     3 |    51 |    22 ||    76
       Blade Hands       |       |       |       |       |     6 ||     6
 Abil: Breathe Dispellin |       |       |     3 |       |       ||     3
  Use: Potion            |       |       |     3 |     3 |     4 ||    10
       Scroll            |       |       |       |     9 |     6 ||    15
Armor: Skin              |    25 |    21 |    98 |   220 |    83 ||   447
Dodge: Dodged            |    44 |    48 |   174 |   404 |   153 ||   823

Table legend: (Time is in decaauts)
 A = Elapsed time spent in this place.
 B = Non-inter-level travel time spent in this place.
 C = Inter-level travel time spent in this place.
 D = Time resting spent in this place.
 E = Time spent auto-exploring this place.
 F = Levels seen in this place.
 G = Mean time per level.
                   A        B        C        D        E       F      G
               +--------+--------+--------+--------+--------+-----+--------+
         Total |  21797 |  21089 |    708 |      0 |  17996 |  20 | 1089.8 |
       Dungeon |  14047 |  13458 |    589 |      0 |  11370 |  12 | 1170.6 |
        Temple |     32 |     17 |     15 |      0 |     11 |   1 |   32.0 |
          Lair |   5024 |   4920 |    104 |      0 |   4364 |   4 | 1256.0 |
  Orcish Mines |     18 |     18 |      0 |      0 |      0 |   1 |   18.0 |
      Ice Cave |   1835 |   1835 |      0 |      0 |   1526 |   1 | 1835.0 |
       Volcano |    838 |    838 |      0 |      0 |    725 |   1 |  838.0 |
               +--------+--------+--------+--------+--------+-----+--------+

Top non-repeatable levels by time:
     D:9: 2219 daAuts
    D:10: 1899 daAuts
   IceCv: 1835 daAuts
  Lair:2: 1771 daAuts
     D:7: 1612 daAuts
  Lair:1: 1273 daAuts
     D:6: 1212 daAuts
     D:1: 1099 daAuts
     D:5: 1063 daAuts
  Lair:3: 1037 daAuts
     D:3: 1022 daAuts
     D:4: 990 daAuts
  Lair:4: 940 daAuts
 Volcano: 838 daAuts
     D:8: 830 daAuts
